 Dungeon Crawl Stone Soup version 0.15.2 (webtiles) character file.

1243 shackes the Cleaver (level 8, -3/58 HPs)
             Began as a Formicid Fighter on Mar 11, 2015.
             Was a Believer of Okawaru.
             Slain by Aargh's ghost (16 damage)
             ... on Level 6 of the Dungeon.
             The game lasted 00:26:46 (4250 turns).

shackes the Cleaver (Formicid Fighter)              Turns: 4250, Time: 00:26:46

HP  -3/58        AC  8     Str 22      XL: 8   Next: 79%
MP  11/11        EV  7     Int  9      God: Okawaru [**....]
Gold 233         SH 10     Dex 10      Spells:  0 memorised,  7 levels left

rFire  + . .     SeeInvis +     a - +0 war axe
rCold  . . .     Clarity  .     b - +0 scale mail
rNeg   . . .     rCorr    .     c - +1 shield
rPois  .         rRot     .     (helmet unavailable)
rElec  .         Spirit   .     (no cloak)
SustAb +         Warding  .     k - +0 pair of gloves
rMut   .         Stasis   +     (no boots)
Gourm  .                        (no amulet)
MR     .....                    z - ring of protection from fire
                                u - ring of sustain abilities

@: not resistant to hostile enchantments, extremely unstealthy
A: permanent stasis, dig shafts and tunnels, four strong arms, antennae 3
a: Dig, Shaft Self, Heroism, Renounce Religion


You were on level 6 of the Dungeon.
You worshipped Okawaru.
Okawaru was pleased with you.
You were not hungry.

You visited 2 branches of the dungeon, and saw 7 of its levels.

You collected 233 gold pieces.

Inventory:

Hand weapons
 a - a +0 war axe (weapon)
Missiles
 m - 2 poisoned javelins (quivered)
 s - a throwing net
Armour
 b - a +0 scale mail (worn)
 c - a +1 shield (worn)
 k - a +0 pair of gloves (worn)
Magical devices
 B - a wand of frost (7)
 G - a wand of fireball (1)
Comestibles
 d - 2 bread rations
 j - 5 fruits
 l - a slice of pizza
 t - a beef jerky
 C - a meat ration
Scrolls
 f - 3 scrolls of immolation
 g - a scroll of teleportation {unknown}
 n - 5 scrolls of remove curse {unknown}
 o - a scroll of amnesia
 p - 2 scrolls of random uselessness
 q - a scroll of enchant armour
 w - 2 scrolls of identify {unknown}
 y - a scroll of recharging {unknown}
 E - 3 scrolls of fear {unknown}
 F - a scroll of noise {unknown}
Jewellery
 u - a ring of sustain abilities (left hand)
 v - an uncursed ring of fire
 z - a ring of protection from fire (right hand)
 A - a +3 ring of protection {unknown}
Potions
 e - 2 potions of might
 h - 2 potions of curing
 i - 2 potions of poison {unknown}
 r - a potion of haste {unknown}
 x - a potion of restore abilities {unknown}
 D - a potion of heal wounds {unknown}
 H - a potion of confusion {unknown}
 I - a potion of resistance {unknown}
 J - a potion of brilliance {unknown}
 K - a potion of flight {unknown}


   Skills:
 - Level 3.2 Fighting
 + Level 10.1 Axes
 - Level 3.2 Armour
 - Level 3.6 Shields


You had 7 spell levels left.
You didn't know any spells.

Dungeon Overview and Level Annotations

Branches:
Dungeon (6/15)             Temple (1/1) D:4

Altars:
Ashenzari
Cheibriados
Dithmenos
Elyvilon
Fedhas
Kikubaaqudgha
Makhleb
Nemelex Xobeh
Okawaru
Qazlal
Sif Muna
Trog
Vehumet
Xom
Yredelemnul
Zin
The Shining One

Annotations:
D:5 Menkaure
D:6 Aargh's ghost, experienced MiFi


Innate Abilities, Weirdness & Mutations

Your are under a permanent stasis effect.
You can dig through walls and to a lower floor.
Your four strong arms can wield two-handed weapons with a shield.
You have a pair of large antennae on your head (SInv).


Message History

Aargh's ghost is moderately damaged.
Aargh's ghost hits you but does no damage.
You slash Aargh's ghost!
Aargh's ghost is heavily damaged.
Aargh's ghost hits you!
You hit Aargh's ghost but do no damage.
Aargh's ghost is heavily damaged.
Aargh's ghost hits you!
You hit Aargh's ghost.
Aargh's ghost is severely damaged.
Aargh's ghost hits you!
* * * LOW HITPOINT WARNING * * *
You completely miss Aargh's ghost.
Aargh's ghost is severely damaged.
Aargh's ghost stares at you.
Aargh's ghost hits you but does no damage.
You slash Aargh's ghost!
Aargh's ghost is severely damaged.
Aargh's ghost hits you!
You die...

...........#
.........#.##
.......##..#
......####(##
.#### #..#
##(## #..#
####### ##W##
#.....## #.@#
#<.....##
##.##
##.......#
#..## .
#......[.#
##..# #..
#.......##
#..## #....
#.......#
##..##.....
#.......#
#..#......
#......##
#..........
#......#
##.....##.


You could see Aargh's ghost.

Vanquished Creatures
  Pikel (D:4)
  The ghost of SaintRoka the Ruffian, an average VSMo (D:3)
  A sky beast (D:5)
  4 slaves (D:4)
  An ice beast (D:5)
  A scorpion (D:4)
  A wight (D:6)
  A crimson imp (D:5)
  2 iguanas (D:4)
  4 worker ants
  Terence (D:2)
  A gnoll (D:1)
  9 adders
  3 giant mites
  2 worms
  5 giant geckos
  11 orcs
  4 ball pythons
  6 bats
  3 giant cockroaches
  7 goblins
  10 hobgoblins
  An ooze (D:2)
  2 quokkas
  A giant cockroach zombie (D:5)
  4 giant newts
  10 kobolds
  7 rats
  A rat skeleton (D:4)
105 creatures vanquished.

Notes
Turn   | Place    | Note
--------------------------------------------------------------
     0 | D:1      | shackes, the Formicid Fighter, began the quest for the Orb.
     0 | D:1      | Reached XP level 1. HP: 18/18 MP: 1/1
   203 | D:1      | Reached XP level 2. HP: 18/24 MP: 3/3
   521 | D:1      | Reached XP level 3. HP: 18/29 MP: 4/4
   792 | D:2      | Reached skill level 4 in Axes
   792 | D:2      | Reached XP level 4. HP: 18/35 MP: 5/5
  1030 | D:2      | Noticed Terence
  1043 | D:2      | Killed Terence
  1286 | D:2      | Reached XP level 5. HP: 38/41 MP: 7/7
  1407 | D:2      | Reached skill level 5 in Axes
  1446 | D:2      | You fall through a shaft!
  1696 | D:3      | Noticed SaintRoka's ghost (average VSMo)
  1703 | D:3      | Killed SaintRoka's ghost
  1703 | D:3      | Reached skill level 6 in Axes
  1703 | D:3      | Reached XP level 6. HP: 47/47 MP: 8/8
  2609 | D:4      | Reached XP level 7. HP: 35/52 MP: 9/9
  2677 | D:4      | Reached skill level 7 in Axes
  2776 | D:4      | Found a staircase to the Ecumenical Temple.
  2818 | Temple   | Entered the Ecumenical Temple
  2909 | Temple   | Became a worshipper of Warmaster Okawaru
  2929 | D:4      | Noticed a slave
  2931 | D:4      | Noticed a slave
  2932 | D:4      | Noticed a slave
  2933 | D:4      | Noticed a slave
  2944 | D:4      | Killed a slave
  2961 | D:4      | Killed a slave
  2963 | D:4      | Killed a slave
  2987 | D:4      | Noticed Pikel
  3000 | D:4      | Killed a slave
  3524 | D:4      | Killed Pikel
  3524 | D:4      | Acquired Okawaru's first power
  3524 | D:4      | Reached skill level 9 in Axes
  3524 | D:4      | Reached XP level 8. HP: 5/58 MP: 11/11
  3889 | D:5      | Entered Level 5 of the Dungeon
  3985 | D:5      | Found a glowing golden altar of the Shining One.
  4093 | D:5      | Noticed Menkaure
  4163 | D:6      | Reached skill level 10 in Axes
  4207 | D:6      | Noticed Aargh's ghost (experienced MiFi)
  4250 | D:6      | Slain by Aargh's ghost

Action                   |  1- 3 |  4- 6 |  7- 9 || total
-------------------------+-------+-------+-------++-------
Melee: War axe           |   100 |   160 |   157 ||   417
Throw: Javelin           |       |     9 |     8 ||    17
 Abil: Dig               |       |     1 |       ||     1
Evoke: Wand              |       |       |     2 ||     2
  Use: Scroll            |       |     4 |       ||     4
       Potion            |       |     1 |     1 ||     2
  Eat: Chunk             |       |     6 |     5 ||    11
